 Dungeon Crawl Stone Soup version 0.31-a0-986-g5e6e4ef867 (webtiles) character file.

Game seed: 6268038072428810373

2285 TrayleKats the Basher (level 9, -3/109 (145) HPs)
             Began as an Ogre Gladiator on Nov 10, 2023.
             Was a Believer of Cheibriados.
             Slain by a wight
             ... wielding a +0 falchion
              (7 damage)
             ... on level 6 of the Dungeon.
             The game lasted 00:10:26 (9629 turns).

TrayleKats the Basher (Ogre Gladiator)              Turns: 9629, Time: 00:10:26

HP:   -3/109 (145)  AC:  5    Str: 28    XL:     9   Next: 39%
MP:   18/18         EV: 10    Int: 13    God:    Cheibriados [**....]
Gold: 547           SH:  0    Dex: 14    Spells: 8/8 levels left

rFire   . . .        a - +0 flail
rCold   . . .        (no shield)
rNeg    . . .        k - +2 animal skin
rPois   .            c - +0 hat
rElec   .            (no cloak)
rCorr   .            (gloves unavailable)
SInv    .            (boots unavailable)
Will    .....        (no amulet) Stlth
                     t - ring of magical power
HPRegen 0.38/turn    (no ring)
MPRegen 0.16/turn

%: no passive effects
@: berserking, heavily drained, very slow
A: large, unfitting armour, tough skin 1
a: Renounce Religion, Bend Time


You were on level 6 of the Dungeon.
You worshipped Cheibriados.
Cheibriados was pleased with you.
You visited 2 branches of the dungeon, and saw 7 of its levels.
You also visited: Ossuary.

You collected 547 gold pieces.

Inventory:

Hand Weapons
 a - a +0 flail (weapon)
 i - a +1 giant spiked club
Missiles
 d - a throwing net
 e - a large rock
 h - 2 boomerangs (quivered)
 w - 4 poisoned darts
Armour
 b - a +0 robe
 c - a +0 hat (worn)
 k - a +2 animal skin (worn)
Jewellery
 o - a ring of wizardry
 t - a ring of magical power (left hand)
 u - a ring of ice
Talismans
 x - a flux talisman
Wands
 s - a wand of flame (5)
 v - a wand of charming (9)
 y - a wand of digging (5)
Scrolls
 f - a scroll of amnesia
 j - a scroll of teleportation
Potions
 g - 4 potions of curing
 l - 2 potions of mutation
 m - a potion of haste {unknown}
 n - 2 potions of attraction
 p - a potion of might {unknown}
 q - a potion of resistance


   Skills:
 + Level 8.4 Fighting
 * Level 8.5 Maces & Flails
 + Level 6.3 Throwing
 - Level 2.6 Dodging


You had 8 spell levels left.
You didn't know any spells.
Your spell library contained the following spells:

 Spells                   Type           Power      Damage    Failure   Level
 Magic Dart               Conj           0%         1d3       30%         1
 Searing Ray              Conj           0%         2d4       43%         2
 Sublimation of Blood     Necr           0%         N/A       43%         2
 Wereblood                Tmut           0%         N/A       43%         2
 Fulminant Prism          Conj/Hex       0%         3d5       97%         4
 Summon Hydra             Summ           0%         N/A       100%        7


Dungeon Overview and Level Annotations

Branches:
Dungeon (6/15)             Temple (1/1) D:4         Ossuary (visited)

Altars:
Cheibriados
Elyvilon
Fedhas
Gozag
Kikubaaqudgha
Makhleb
Nemelex Xobeh
Okawaru
Ru
Trog
Uskayaw
Vehumet
Wu Jian
Yredelemnul

Annotations:
D:4 exclusion: statue


Innate Abilities, Weirdness & Mutations

You are too large for most types of armour.
You have tough skin. (AC +1)


Message History

You closely miss the wight.
The wight is severely damaged.
The wight hits you with a +5 dagger!
You feel drained.
You closely miss the wight.
The wight is severely damaged.
The wight hits you with a +5 dagger!
You feel drained. The wight closely misses you.
The wight hits you with a +0 falchion.
You feel drained.
You closely miss the wight.
The wight is severely damaged.
The wight barely misses you.
The wight hits you with a +0 short sword.
You feel drained. The wight barely misses you.
You barely miss the wight.
The wight is severely damaged.
The wight hits you with a +5 dagger.
The wight hits you with a +0 short sword.
The wight hits you with a +0 falchion!
You completely miss the wight.
The wight is severely damaged.
The wight hits you with a +5 dagger!
* * * LOW HITPOINT WARNING * * *
You feel drained.
* * * LOW HITPOINT WARNING * * *
The wight hits you with a +0 short sword.
* * * LOW HITPOINT WARNING * * *
You feel drained. The wight hits you with a +0 falchion.
* * * LOW HITPOINT WARNING * * *
A red film seems to cover your vision as you go berserk!
Cheibriados forces you to slow down.
You feel mighty! The wight hits you with a +5 dagger.
* * * LOW HITPOINT WARNING * * *
You feel drained. The wight completely misses you.
The wight hits you with a +0 falchion.
* * * LOW HITPOINT WARNING * * *
You bludgeon the wight!!
You destroy the wight!
Cheibriados appreciates the change of pace.
The wight closely misses you. The wight hits you with a +0 falchion!
You die...

.# #......# ..
.####......# ..
...)#......# ##
..#).......#
.........#
..##.).....#
.........#
..###).....#########
.........###
..###..............#
.........##.
................)..#
.........##.
#...#..........z@..#
.........##.
.#.#......#....z...#
............
..#...#..........###
............
..#..#.............
#########... .
###...#.......##..
...........
#..#........# #.
........... #.
....... ........##.
....... .......###.
.......####


You could see 2 wights.

Vanquished Creatures
  Edmund (D:6)
  Duvessa (D:6)
  A water moccasin (D:6)
  An ice beast (D:5)
  A sky beast (D:5)
  A black bear (D:6)
  An ogre (D:4)
  2 phantoms
  3 elf zombies (Ossuary)
  A kobold brigand (D:6)
  4 scorpions
  7 wights (D:6)
  Dowan (D:6)
  A howler monkey (D:6)
  4 hounds
  A jelly (D:5)
  Terence (D:3)
  4 iguanas (D:5)
  2 orc wizards
  2 mummies (Ossuary)
  Robin (D:3)
  3 gnolls (D:4)
  7 adders
  2 ufetubi (D:3)
  4 worms
  3 dart slugs
  7 orcs
  4 bats
  3 endoplasms
  4 gnoll zombies (Ossuary)
  13 goblins
  10 hobgoblins
  3 quokkas (D:2)
  5 ball pythons
  A frilled lizard (D:3)
  3 goblin zombies (Ossuary)
  4 hobgoblin zombies (Ossuary)
  14 kobolds
  7 rats
138 creatures vanquished.

Notes
Turn   | Place    | Note
-------+----------+-------------------------------------------
     0 | D:1      | TrayleKats the Ogre Gladiator began the quest for the Orb.
     0 | D:1      | Reached XP level 1. HP: 22/22 MP: 1/1
   142 | D:1      | Reached XP level 2. HP: 26/29 MP: 2/2
   767 | D:2      | Noticed Robin
   775 | D:2      | Reached XP level 3. HP: 37/37 MP: 3/3
  1262 | D:3      | Killed Robin
  1803 | D:2      | Reached XP level 4. HP: 44/46 MP: 4/4
  2255 | D:3      | Noticed Terence
  2271 | D:3      | Killed Terence
  2660 | D:3      | Reached XP level 5. HP: 54/54 MP: 5/5
  3746 | D:4      | Reached XP level 6. HP: 62/63 MP: 6/6
  3786 | D:4      | Reached skill level 5 in Maces & Flails
  4275 | D:4      | Reached skill level 5 in Fighting
  4297 | D:4      | Found a staircase to the Ecumenical Temple.
  4307 | Temple   | Entered the Ecumenical Temple
  4325 | Temple   | Became a worshipper of Cheibriados the Contemplative
  5245 | D:4      | Found a radiant altar of Vehumet.
  5595 | D:5      | Entered Level 5 of the Dungeon
  5611 | D:5      | Reached XP level 7. HP: 42/72 MP: 7/7
  5693 | D:5      | Found a sand-covered staircase.
  5750 | Ossuary  | Entered an ossuary
  6492 | D:5      | Reached XP level 8. HP: 51/83 MP: 8/8
  7044 | D:5      | Reached skill level 5 in Throwing
  7139 | D:5      | Reached * piety under Cheibriados
  7965 | D:6      | Noticed Dowan
  7978 | D:6      | Killed Dowan
  8202 | D:6      | Noticed Duvessa
  8230 | D:6      | Killed Duvessa
  8660 | D:6      | Reached XP level 9. HP: 62/93 MP: 9/9
  9274 | D:6      | Found a bloodstained altar of Trog.
  9359 | D:6      | Noticed Edmund
  9360 | D:6      | Reached ** piety under Cheibriados
  9376 | D:6      | Killed Edmund
  9377 | D:6      | HP: 6/145 [kobold/+0 dagger (3)]
  9628 | D:6      | HP: 5/112 [wight/+5 dagger (5)]
  9629 | D:6      | Slain by a wight

Illustrated notes

Levels and vault maps discovered:
D:1:      lightli_arrival_maybe_door_vault, layout_basic, minmay_tromino_i4
D:2:      wad_crossroads, layout_basic, uniq_robin
D:3:      layout_basic, uniq_terence
D:4:      layout_loops_ring, vehumet_statue, minmay_temple_entry_mini_moons
D:5:      layout_loops_ring, mainiacjoe_ossuary_entry_dusty_tomb
D:6:      layout_basic, mainiacjoe_overflow_chevrons, minmay_splitting_lines,
          grunt_ministairs_2, nicolae_shop_firing_range, uniq_edmund,
          uniq_duvessa
Temple:   chequers_temple_sunken

Skill      XL: |  1  2  3  4  5  6  7  8  9 |
---------------+----------------------------+-----
Fighting       | 3 4 5 6 7 8 |  8.4
Maces & Flails | 3 4 5 6 7 8 |  8.5
Throwing       | 3 4 5 6 |  6.3
Dodging        | |  2.6

Action                     |  1- 3 |  4- 6 |  7- 9 || total
---------------------------+-------+-------+-------++-------
  Melee: Flail             |    99 |   140 |   302 ||   541
         Punch             |       |       |     1 ||     1
  Throw: Throwing net      |     1 |       |     5 ||     6
         Dart              |     8 |    17 |    18 ||    43
         Boomerang         |       |     7 |     4 ||    11
 Invoke: Bend Time         |       |       |     1 ||     1
  Evoke: Wand              |       |       |     3 ||     3
    Use: Scroll            |       |     6 |     3 ||     9
         Potion            |       |       |     4 ||     4
   Stab: Sleeping          |       |     1 |     1 ||     2
 Armour: Robe              |    67 |       |       ||    67
         Animal skin       |    10 |   116 |   225 ||   351
  Dodge: Dodged            |    56 |    91 |   150 ||   297

Table legend: (Time is in decaauts)
 A = Elapsed time spent in this place.
 B = Non-inter-level travel time spent in this place.
 C = Inter-level travel time spent in this place.
 D = Time resting spent in this place.
 E = Time spent auto-exploring this place.
 F = Levels seen in this place.
 G = Mean time per level.
                   A        B        C        D        E       F      G
               +--------+--------+--------+--------+--------+-----+--------+
         Total |  10218 |  10072 |    146 |   4087 |   4590 |   8 | 1277.2 |
       Dungeon |   9422 |   9314 |    108 |   3744 |   4366 |   6 | 1570.3 |
        Temple |     41 |      3 |     38 |      0 |      0 |   1 |   41.0 |
       Ossuary |    755 |    755 |      0 |    343 |    223 |   1 |  755.0 |
               +--------+--------+--------+--------+--------+-----+--------+

Top non-repeatable levels by time:
     D:3: 2090 daAuts
     D:4: 2029 daAuts
     D:6: 1881 daAuts
     D:5: 1766 daAuts
     D:2: 1083 daAuts
 Ossuary: 755 daAuts
     D:1: 571 daAuts
  Temple: 41 daAuts
